 Dungeon Crawl Stone Soup version 0.27-a0-522-g46bbb28828 (webtiles) character file.

Game seed: 109567612248021934

225 gruber the Slasher (level 5, -1/45 HPs)
             Began as a Minotaur Fighter on Mar 4, 2021.
             Slain by Sigmund
             ... wielding a +0 scythe
              (6 damage)
             ... on level 3 of the Dungeon.
             The game lasted 00:01:52 (2237 turns).

gruber the Slasher (Minotaur Fighter)               Turns: 2237, Time: 00:01:53

Health: -1/45      AC:  8    Str: 21    XL:     5   Next: 68%
Magic:  4/4        EV:  7    Int:  5    God:
Gold:   198        SH:  0    Dex: 10    Spells: 4/4 levels left

rFire    . . .     SeeInvis .   a - +0 long sword
rCold    + . .     Faith    .   c - +0 kite shield
rNeg     . . .     Spirit   .   b - +0 scale mail
rPois    .         Reflect  .   (helmet restricted)
rElec    .         Harm     .   (no cloak)
rCorr    .         Rampage  .   o - +0 pair of gloves
Will     .....                  (no boots)
Stlth    ..........             (no amulet)
HPRegen  0.15/turn              g - ring of protection from cold
MPRegen  0.09/turn              n - ring of flight

@: confused, mighty
A: horns 2, retaliatory headbutt
a: Evoke Flight


You were on level 3 of the Dungeon.
You visited 1 branch of the dungeon, and saw 3 of its levels.

You collected 198 gold pieces.

Inventory:

Hand Weapons
 a - a +0 long sword (weapon)
Missiles
 h - 23 poisoned darts (quivered)
Armour
 b - a +0 scale mail (worn)
 c - a +0 kite shield (worn)
 o - a +0 pair of gloves (worn)
Jewellery
 g - a ring of protection from cold (left hand)
 k - a ring of wizardry
 n - a ring of flight (right hand)
Scrolls
 e - 5 scrolls of identify {unknown}
 i - 4 scrolls of teleportation {unknown}
 j - a scroll of fog {unknown}
 l - a scroll of noise {unknown}
 m - a scroll of magic mapping {unknown}
 q - a scroll of amnesia {unknown}
 r - a scroll of immolation {unknown}
Potions
 f - 2 potions of flight {unknown}
 p - a potion of curing {unknown}


   Skills:
 - Level 3.6 Fighting
 * Level 7.3 Long Blades
 - Level 3.6 Armour
 - Level 3.6 Shields


You had 4 spell levels left.
You didn't know any spells.
Your spell library was empty.

Dungeon Overview and Level Annotations

Branches:
Dungeon (3/15)

Altars:
Elyvilon
Ru
Sif Muna
Trog
Uskayaw

Annotations:
D:3 Sigmund


Innate Abilities, Weirdness & Mutations

You have a pair of horns on your head.
You reflexively headbutt those who attack you in melee.


Message History

Sigmund flickers and vanishes!
Deactivating autopickup; reactivate with Ctrl-A.
You barely miss the ogre. You block the ogre's attack. Something hits you.
The ogre completely misses you. You furiously retaliate!
You headbutt the ogre. You hit the ogre.
You headbutt the ogre, but do no damage.
The ogre is heavily wounded.
Something hits you. The ogre barely misses you.
You barely miss the ogre. You headbutt the ogre.
The ogre is heavily wounded.
Something hits you but does no damage. The ogre closely misses you.
You furiously retaliate!
You headbutt the ogre! You hit the ogre. Your headbutt misses the ogre.
The ogre is almost dead.
The ogre hits you with a +0 giant club!!
You are too injured to fight recklessly!
You are too injured to fight recklessly!
You are too injured to fight recklessly!
An ogre is nearby!
Unknown command.
Something hits you!
* * * LOW HITPOINT WARNING * * *
You hear some strange, mumbled words.
A puff of flame appears from out of thin air!
The puff of flame hits you!
* * * LOW HITPOINT WARNING * * *
You feel very mighty all of a sudden.
You slash the ogre!
You kill the ogre!
You hear some strange, mumbled words.
You are confused.
Your Long Blades skill increases to level 7!
Unknown command.
Unknown command.
You're too confused to attack without stumbling around!
Something hits you.
* * * LOW HITPOINT WARNING * * *
You see here a +0 giant club.
You bump into the rock wall.
Something hits you.
You die...

#... ...# ## ##
...# . .. #.. .#
..# #. #.###.# #.#
#..#..#..# #.#
#......# #.#
#..#{### #.# #.
#@# #.### # #.##
##.#.. #..#######
#....#
##.......####..###
#######.......# #
#####.#.#
#.####### #...#.#
........####.#.#.#
........##...#.#.#


There were no monsters in sight!

Vanquished Creatures
  An ogre (D:3)
  4 gnolls
  4 adders (D:2)
  A worm (D:3)
  4 dart slugs (D:1)
  2 leopard geckos (D:1)
  An orc (D:3)
  A giant cockroach (D:1)
  3 goblins
  9 hobgoblins
  4 jackals (D:1)
  8 kobolds (D:1)
  2 bats (D:1)
  7 frilled lizards
  9 rats
60 creatures vanquished.

Vanquished Creatures (others)
  6 plants (D:1)
6 creatures vanquished.

Grand Total: 66 creatures vanquished

Notes
Turn   | Place    | Note
-------+----------+-------------------------------------------
     0 | D:1      | gruber the Minotaur Fighter began the quest for the Orb.
     0 | D:1      | Reached XP level 1. HP: 19/19 MP: 0/0
    41 | D:1      | Reached skill level 3 in Long Blades
    90 | D:1      | Reached XP level 2. HP: 26/26 MP: 1/1
   192 | D:1      | Reached skill level 4 in Long Blades
   341 | D:1      | Reached XP level 3. HP: 31/31 MP: 2/2
   955 | D:1      | Reached skill level 5 in Long Blades
  1106 | D:2      | You fall into a shaft and drop 1 floor!
  1420 | D:2      | Reached XP level 4. HP: 39/39 MP: 3/3
  1807 | D:2      | Reached skill level 6 in Long Blades
  1826 | D:2      | Found a sacrificial altar of Ru.
  1832 | D:2      | Found a shimmering blue altar of Sif Muna.
  1833 | D:2      | Found a white marble altar of Elyvilon.
  1833 | D:2      | Found a bloodstained altar of Trog.
  1834 | D:2      | Found a hide-covered altar of Uskayaw.
  2091 | D:3      | Reached XP level 5. HP: 43/45 MP: 4/4
  2222 | D:3      | Noticed Sigmund
  2224 | D:3      | Noticed an ogre
  2235 | D:3      | Killed an ogre
  2236 | D:3      | Reached skill level 7 in Long Blades
  2237 | D:3      | Slain by Sigmund

Illustrated notes

Levels and vault maps discovered:
D:1:      lightli_arrival_noodles, layout_loops_ring, st_stairs_11,
          nrook_campfire, lexackson_kobold_supper
D:2:      layout_basic, grunt_temple_overflow_open
D:3:      layout_rooms, uniq_sigmund

Skill      XL: |  1  2  3  4  5 |
---------------+----------------+-----
Long Blades    | 3 4 5 6 7 |  7.3
Fighting       | |  3.6
Armour         | |  3.6
Shields        | |  3.6

Action                   |  1- 3 |  4- 6 || total
-------------------------+-------+-------++-------
Melee: Long sword        |    74 |    41 ||   115
       Headbutt          |    14 |    13 ||    27
  Use: Potion            |       |     1 ||     1
Armor: Scale mail        |    32 |    12 ||    44
Dodge: Dodged            |    24 |    13 ||    37
Block: Kite shield       |    28 |    18 ||    46
       Rpst.: Long sword |     8 |     3 ||    11

Table legend: (Time is in decaauts)
 A = Elapsed time spent in this place.
 B = Non-inter-level travel time spent in this place.
 C = Inter-level travel time spent in this place.
 D = Time resting spent in this place.
 E = Time spent auto-exploring this place.
 F = Levels seen in this place.
 G = Mean time per level.
                   A        B        C        D        E       F      G
               +--------+--------+--------+--------+--------+-----+--------+
         Total |   2285 |   2220 |     65 |      0 |   1883 |   3 |  761.7 |
       Dungeon |   2285 |   2220 |     65 |      0 |   1883 |   3 |  761.7 |
               +--------+--------+--------+--------+--------+-----+--------+

Top non-repeatable levels by time:
     D:1: 1100 daAuts
     D:2: 1013 daAuts
     D:3: 170 daAuts
